 Dungeon Crawl Stone Soup version 0.29-a0-333-gb4c28e87c6 (webtiles) character file.

Game seed: 11562693568311603896

842 Jortsu the Chopper (level 7, 0/55 HPs)
             Began as a Demonspawn Fighter on Apr 13, 2022.
             Was a Believer of Trog.
             Slain by an orc warrior
             ... wielding a +0 mace
              (8 damage)
             ... on level 5 of the Dungeon.
             The game lasted 00:05:34 (4444 turns).

Jortsu the Chopper (Demonspawn Fighter)             Turns: 4444, Time: 00:05:35

Health: 0/55       AC: 13    Str: 18    XL:     7   Next: 67%
Magic:  7/7        EV:  9    Int: 10    God:    Trog [**....]
Gold:   281        SH:  4    Dex: 12    Spells: 6/6 levels left

rFire   + . .      SeeInvis +   a - +0 war axe
rCold   . . .      Faith    .   c - +0 buckler
rNeg    . . .      Spirit   .   e - +2 scale mail {rF+}
rPois   .          Reflect  .   b - +0 helmet
rElec   .          Harm     .   i - +2 cloak
rCorr   .          Rampage  .   (no gloves)
Will    .....                   (no boots)
Stlth   ..........              (no amulet)
HPRegen 0.18/turn               r - ring of see invisible
MPRegen 0.10/turn               (no ring)

@: no status effects
A: hooves 2, ignite blood 1, spiny 2
a: Renounce Religion, Berserk, Trog's Hand


You were on level 5 of the Dungeon.
You worshipped Trog.
Trog was pleased with you.
You visited 1 branch of the dungeon, and saw 6 of its levels.

You collected 281 gold pieces.

Inventory:

Hand Weapons
 a - a +0 war axe (weapon)
Armour
 b - a +0 helmet (worn)
 c - a +0 buckler (worn)
 e - a +2 scale mail of fire resistance (worn)
 i - a +2 cloak (worn)
Jewellery
 f - a ring of ice
 r - a ring of see invisible (left hand)
 t - a ring of willpower
Wands
 s - a wand of iceblast (9)
 u - a wand of flame (17)
Scrolls
 o - a scroll of immolation
 p - 2 scrolls of blinking
Potions
 d - 2 potions of might
 g - a potion of flight
 h - 5 potions of curing
 j - a potion of mutation {unknown}
 k - 2 potions of heal wounds
 l - a potion of attraction {unknown}
 m - 2 potions of lignification {unknown}
 n - a potion of cancellation {unknown}
 q - 2 potions of berserk rage {unknown}


   Skills:
 + Level 4.6 Fighting
 + Level 5.7 Axes
 + Level 4.4 Armour
 + Level 1.8 Dodging
 + Level 1.0 Stealth
 + Level 3.2 Shields


You had 6 spell levels left.
You didn't know any spells.
Your spell library was empty.

Dungeon Overview and Level Annotations

Branches:
Dungeon (6/15)             Temple (0/1) D:4

Altars:
Trog
Xom

Shops:
D:2 ((


Innate Abilities, Weirdness & Mutations

You have hoof-like feet.
Your demonic aura sometimes causes spilled blood to erupt in flames.
You are mostly covered in sharp spines.


Message History

Things that are here:
a +0 whip; a +0 leather armour; an orc corpse
There is a stone staircase leading down, spattered with blood here.
You climb downwards.
You block the ogre's attack. The iguana barely misses you.
The kobold is struck by your spines.
You kill the kobold!
Trog accepts your kill. You block the orc's attack.
The orc warrior hits you with a +0 mace!
The kobold shoots a bolt.
The bolt hits you but does no damage. The orc hits you with a +0 club.
The iguana is struck by your spines. The iguana closely misses you.
The orc warrior closely misses you.
There is a stone staircase leading up, spattered with blood here.
The kobold shoots a bolt.
You block the bolt. The ogre hits you but does no damage.
The orc is struck by your spines.
You kill the orc!
Trog accepts your kill.
The orc warrior is struck by your spines.
The orc warrior hits you with a +0 mace.
The iguana is struck by your spines.
The iguana bites you but does no damage.
You climb upwards.
There is a stone staircase leading down, spattered with blood here.
You hit the ogre.
The ogre is lightly wounded.
You slash the iguana!
You kill the iguana!
Trog accepts your kill.
You hit the orc warrior but do no damage.
You block the orc warrior's attack.
The ogre hits you with a +0 giant club!!
* * * LOW HITPOINT WARNING * * *
Your Stealth skill increases to level 1!
You hit the ogre.
The ogre is lightly wounded.
You hit the orc warrior.
The orc warrior is engulfed in blazing flames.
The orc warrior is struck by your spines.
The orc warrior hits you with a +0 mace!
You die...

.#.............##.......###.####
......#.......##.........#.....#
.....#.......###......[........#
..#..##.......#...............##
###..............##..........##
##..#.#..........#......#.....#
..#.###.........#......##.....#
.#...###.......O.o..#.#...##.##
###.##.........†@.#######.....#
# #.##.#........[(.# #.#..##
#....#...........## ######
##................#######
#.#..............##.##.#
###....................###
###....................##
##....#.#.............#
#######....##........##


You could see an orc warrior and an ogre.

Vanquished Creatures
  Sigmund (D:4)
  2 ogres
  A kobold brigand (D:5)
  A scorpion (D:5)
  3 hounds
  2 jellies
  3 iguanas
  An orc wizard (D:5)
  3 adders
  An ufetubus (D:4)
  5 dart slugs
  10 orcs
  10 ball pythons
  3 bats
  4 endoplasms
  3 giant cockroaches
  6 goblins
  4 hobgoblins
  3 jackals (D:4)
  12 kobolds
  A quokka (D:2)
  A frilled lizard (D:1)
  9 rats
89 creatures vanquished.

Notes
Turn   | Place    | Note
-------+----------+-------------------------------------------
     0 | D:1      | Jortsu the Demonspawn Fighter began the quest for the Orb.
     0 | D:1      | Reached XP level 1. HP: 18/18 MP: 1/1
   227 | D:1      | Gained mutation: You are partially covered in sharp spines.
                  | [demonic ancestry]
   227 | D:1      | Reached XP level 2. HP: 24/24 MP: 2/2
   486 | D:1      | Reached skill level 2 in Axes
  1187 | D:2      | Gained mutation: Your demonic aura sometimes causes spilled
                  | blood to erupt in flames. [demonic ancestry]
  1187 | D:2      | Reached XP level 3. HP: 28/29 MP: 3/3
  1273 | D:2      | Found Piossuqi's Weapon Shoppe.
  1333 | D:2      | Found Hailaipsoe's Weapon Shop.
  2194 | D:3      | Found a faded altar of an unknown god.
  2202 | D:3      | Prayed at the altar of an unknown god.
  2202 | D:3      | Became a worshipper of Trog the Wrathful
  2202 | D:3      | Reached * piety under Trog
  2548 | D:4      | Gained mutation: You have large cloven feet. [demonic
                  | ancestry]
  2548 | D:4      | Reached XP level 4. HP: 35/35 MP: 4/4
  2683 | D:4      | Noticed Sigmund
  2692 | D:4      | Killed Sigmund
  2693 | D:4      | Reached skill level 3 in Axes
  2693 | D:4      | Gained mutation: You are mostly covered in sharp spines.
                  | [demonic ancestry]
  2693 | D:4      | Reached XP level 5. HP: 25/42 MP: 5/5
  2698 | D:4      | Reached XP level 6. HP: 27/48 MP: 6/6
  2699 | D:4      | Reached skill level 4 in Axes
  2942 | D:4      | Found a staircase to the Ecumenical Temple.
  2979 | D:4      | Reached ** piety under Trog
  3277 | D:4      | Reached skill level 1 in Dodging
  3294 | D:4      | Found a shimmering altar of Xom.
  3374 | D:5      | Entered Level 5 of the Dungeon
  3438 | D:5      | Gained mutation: You have hoof-like feet. [demonic
                  | ancestry]
  3438 | D:5      | Reached XP level 7. HP: 55/55 MP: 7/7
  3514 | D:5      | Reached skill level 5 in Axes
  4444 | D:5      | Reached skill level 1 in Stealth
  4444 | D:5      | Slain by an orc warrior

Illustrated notes

Levels and vault maps discovered:
D:1:      dpeg_arrival_rooms_with_view, layout_basic, minmay_heptomino_w4
D:2:      layout_basic, serial_shops, shop, shop, minmay_misc_feat_five
D:3:      layout_basic, ebering_ecumenical_altar_ruins
D:4:      layout_loops_ring, lemuel_coloured_pillars_altar,
          minmay_temple_entry_statues, minmay_unequal, uniq_sigmund
D:5:      layout_cave_pools, minmay_misc_feat_enclosed
D:6:      layout_cave_pools, ashenzari_altar_1,
          nicolae_wu_jian_immortal_techniques

Skill      XL: |  1  2  3  4  5  6  7 |
---------------+----------------------+-----
Shields        | 3 |  3.2
Axes           | 2 3 4 5 |  5.7
Armour         | 3 4 |  4.4
Fighting       | 4 |  4.6
Dodging        | 1 |  1.8
Stealth        | 1 |  1.0

Action                   |  1- 3 |  4- 6 |  7- 9 || total
-------------------------+-------+-------+-------++-------
Melee: War axe           |    78 |    53 |    20 ||   151
       Kick              |       |    10 |     3 ||    13
  Use: Scroll            |     9 |     3 |       ||    12
       Potion            |       |     1 |       ||     1
Armor: Scale mail        |    32 |    24 |    17 ||    73
Dodge: Dodged            |    36 |    21 |    21 ||    78
Block: Buckler           |    15 |    14 |    11 ||    40

Table legend: (Time is in decaauts)
 A = Elapsed time spent in this place.
 B = Non-inter-level travel time spent in this place.
 C = Inter-level travel time spent in this place.
 D = Time resting spent in this place.
 E = Time spent auto-exploring this place.
 F = Levels seen in this place.
 G = Mean time per level.
                   A        B        C        D        E       F      G
               +--------+--------+--------+--------+--------+-----+--------+
         Total |   4502 |   4359 |    143 |    518 |   3155 |   6 |  750.3 |
       Dungeon |   4502 |   4359 |    143 |    518 |   3155 |   6 |  750.3 |
               +--------+--------+--------+--------+--------+-----+--------+

Top non-repeatable levels by time:
     D:1: 1173 daAuts
     D:5: 1071 daAuts
     D:4: 863 daAuts
     D:3: 801 daAuts
     D:2: 584 daAuts
     D:6: 8 daAuts
